 Dungeon Crawl Stone Soup version 0.30-a0-591-g3c58d2bc28 (webtiles) character file.

Game seed: 5077098068479508371

32 spardeous the Ducker (level 3, -1/14 HPs)
             Began as a Felid Earth Elementalist on Jan 6, 2023.
             Slain by Terence
             ... wielding a +0 hand axe
              (6 damage)
             ... on level 3 of the Dungeon.
             The game lasted 00:05:01 (1573 turns).

spardeous the Ducker (Felid Earth Elementalist)     Turns: 1573, Time: 00:05:02

Health: -1/14      AC:  1    Str:  4    XL:     3   Next: 8%
Magic:  3/7        EV: 19    Int: 18    God:
Gold:   41         SH:  0    Dex: 16    Spells: 5/6 levels left
                                        Lives:  0   Deaths: 1

rFire   . . .      SeeInvis +    (weapon unavailable)
rCold   . . .      Faith    .    (shield unavailable)
rNeg    . . .      Spirit   .    (body armour unavailable)
rPois   .          Reflect  .    (helmet unavailable)
rElec   .          Harm     .    (cloak unavailable)
rCorr   .          Rampage  .    (gloves unavailable)
Will    .....                    (boots unavailable)
Stlth   ++                       (no amulet)
HPRegen 0.22/turn                (no ring)
MPRegen 0.10/turn                (no ring)

@: quick
A: very small, claws 1, fangs 3, see invisible, speed 1, shaggy fur 1, stealthy
paws, no weapons or thrown items, no armour, multi-lived
a: no special abilities


You were on level 3 of the Dungeon.
You visited 1 branch of the dungeon, and saw 4 of its levels.

You collected 41 gold pieces.

Inventory:

Scrolls
 b - 2 scrolls of teleportation {unknown}
 c - 2 scrolls of fog {unknown}
 d - a scroll of enchant armour {unknown}
 e - a scroll of enchant weapon {unknown}
 g - a scroll of identify {unknown}
 h - a scroll of amnesia {unknown}
Potions
 a - a potion of magic
 f - a potion of heal wounds {unknown}
 i - a potion of ambrosia {unknown}
 j - a potion of lignification {unknown}


   Skills:
 + Level 4.5 Dodging
 - Level 2.6 Stealth
 - Level 2.0 Spellcasting
 - Level 1.1 Transmutations
 + Level 3.7 Earth Magic


You had 5 spell levels left.
You knew the following spells:

 Your Spells              Type           Power      Damage    Failure   Level
a - Sandblast             Erth           30%        2d9       4%          1

Your spell library contained the following spells:

 Spells                   Type           Power      Damage    Failure   Level
 Passwall                 Tmut/Erth      8%         N/A       11%         2
 Magic Dart               Conj           4%         1d3       19%         1
 Searing Ray              Conj           2%         2d4       26%         2
 Stone Arrow              Conj/Erth      16%        3d8       26%         3
 Petrify                  Tmut/Erth      10%        N/A       56%         4
 Fulminant Prism          Conj/Hex       0%         3d5       87%         4


Dungeon Overview and Level Annotations

Branches:
Dungeon (4/15)
 Temple: D:4-7

Altars:

Annotations:
D:3 Terence
D:4 Pikel


Innate Abilities, Weirdness & Mutations

You have sharp claws.
You have razor-sharp teeth.
You have supernaturally acute eyesight. (SInv)
You cover ground quickly. (Speed+)
You are covered in fur. (AC +1)
Your paws help you pounce on unaware monsters.
You are incapable of wielding weapons or throwing items.
You cannot wear armour.
You gain extra lives every three experience levels.


Message History

Press: ? - help, Shift-Dir - straight line, f/p - Terence
Aim: Terence, wielding a +0 hand axe, wearing a +0 chain mail of fire resistance and carrying a wand of roots (4) (moderately wounded, 87% to hit)
The blast of sand hits Terence but does no damage.
Terence is moderately wounded.
Casting: Sandblast (safe; 4% risk of failure)
Confirm with . or Enter, or press ? or * to list all spells.
Aiming: Sandblast (safe; 4% risk of failure)
Press: ? - help, Shift-Dir - straight line, f/p - Terence
Aim: Terence, wielding a +0 hand axe, wearing a +0 chain mail of fire resistance and carrying a wand of roots (4) (moderately wounded, 87% to hit)
The blast of sand hits Terence but does no damage.
Terence is moderately wounded.
The bat completely misses you.
A quokka comes into view.
The bat closely misses you. Terence hits you with a +0 hand axe.
Casting: Sandblast (safe; 4% risk of failure)
Confirm with . or Enter, or press ? or * to list all spells.
Aiming: Sandblast (safe; 4% risk of failure)
Press: ? - help, Shift-Dir - straight line, f/p - Terence
Aim: Terence, wielding a +0 hand axe, wearing a +0 chain mail of fire resistance and carrying a wand of roots (4) (moderately wounded, 87% to hit)
The blast of sand hits Terence but does no damage.
Terence is moderately wounded.
The bat misses you. The bat closely misses you. Terence misses you.
Casting: Sandblast (safe; 4% risk of failure)
Confirm with . or Enter, or press ? or * to list all spells.
Aiming: Sandblast (safe; 4% risk of failure)
Press: ? - help, Shift-Dir - straight line, f/p - Terence
Aim: Terence, wielding a +0 hand axe, wearing a +0 chain mail of fire resistance and carrying a wand of roots (4) (moderately wounded, 87% to hit)
The blast of sand hits Terence but does no damage.
Terence is moderately wounded.
The bat barely misses you. Terence hits you with a +0 hand axe. x2
* * * LOW HITPOINT WARNING * * *
Casting: Sandblast (safe; 4% risk of failure)
Confirm with . or Enter, or press ? or * to list all spells.
Aiming: Sandblast (safe; 4% risk of failure)
Press: ? - help, Shift-Dir - straight line, f/p - Terence
Aim: Terence, wielding a +0 hand axe, wearing a +0 chain mail of fire resistance and carrying a wand of roots (4) (moderately wounded, 87% to hit)
The blast of sand hits Terence!
Terence is severely wounded.
The bat completely misses you. Terence hits you with a +0 hand axe.
You die...

... #............
.....................#..
................#..#...#
.............<..#.####..
................# ##.
..............## .
#.[.r......#. .
########### #...@......
#.........# #.@b......
#.<.......####........#
#......................
#.......(..............
#...........#..........
#.[.......###..........
#......)..# #..(.......
#.........# ##........#
#.........# ##......#


You could see Terence, a quokka and a bat.

Vanquished Creatures
  3 lemures (D:4)
  4 gnolls (D:4)
  3 worms
  3 ball pythons
  A bat (D:3)
  3 endoplasms
  A giant cockroach (D:1)
  2 goblins (D:3)
  3 hobgoblins
  2 jackals (D:3)
  A quokka (D:3)
  A frilled lizard (D:2)
  A kobold (D:4)
  2 rats
30 creatures vanquished.

Notes
Turn   | Place    | Note
-------+----------+-------------------------------------------
     0 | D:1      | spardeous the Felid Earth Elementalist began the quest for
                  | the Orb.
     0 | D:1      | Reached XP level 1. HP: 7/7 MP: 4/4
   153 | D:2      | Reached skill level 3 in Dodging
   199 | D:2      | Reached XP level 2. HP: 11/11 MP: 0/6
   345 | D:3      | You fall into a shaft and drop 1 floor!
   786 | D:4      | Reached skill level 4 in Dodging
   786 | D:4      | Reached XP level 3. HP: 7/14 MP: 3/7
  1013 | D:4      | Reached XP level 4. HP: 18/18 MP: 4/8
  1065 | D:4      | Noticed Pikel
  1065 | D:4      | Noticed a lemure
  1076 | D:4      | Noticed a lemure
  1076 | D:4      | Noticed a lemure
  1099 | D:4      | Killed a lemure
  1338 | D:4      | Noticed a lemure
  1389 | D:4      | Killed a lemure
  1427 | D:4      | Killed a lemure
  1480 | D:3      | Noticed Terence
  1543 | D:3      | Constricted to death by Terence
  1544 | D:3      | Reached XP level 3. HP: 0/14 MP: 6/7
  1573 | D:3      | Slain by Terence

Illustrated notes

Levels and vault maps discovered:
D:1:      dpeg_arrival_radiant, layout_basic
D:2:      layout_rooms, minmay_pentomino_q4
D:3:      layout_rooms, minmay_divided_ellipse, uniq_terence
D:4:      layout_gridville, uniq_pikel

Skill      XL: |  1  2 |
---------------+-------+-----
Dodging        | 3 4 |  4.5
Earth Magic    | 3 |  3.7
Stealth        | |  2.6
Spellcasting   | |  2.0
Transmutations | |  1.1

Action                   |  1- 3 |  4- 6 || total
-------------------------+-------+-------++-------
Melee: Unarmed           |     1 |       ||     1
 Cast: Sandblast         |    55 |    43 ||    98
Dodge: Dodged            |    20 |     4 ||    24

Table legend: (Time is in decaauts)
 A = Elapsed time spent in this place.
 B = Non-inter-level travel time spent in this place.
 C = Inter-level travel time spent in this place.
 D = Time resting spent in this place.
 E = Time spent auto-exploring this place.
 F = Levels seen in this place.
 G = Mean time per level.
                   A        B        C        D        E       F      G
               +--------+--------+--------+--------+--------+-----+--------+
         Total |   1423 |   1414 |      9 |    165 |    528 |   4 |  355.8 |
       Dungeon |   1423 |   1414 |      9 |    165 |    528 |   4 |  355.8 |
               +--------+--------+--------+--------+--------+-----+--------+

Top non-repeatable levels by time:
     D:4: 953 daAuts
     D:3: 233 daAuts
     D:1: 133 daAuts
     D:2: 103 daAuts
